 Dungeon Crawl Stone Soup version 0.32-a0-306-gfed3edf829 (webtiles) character file.

Game seed: 14894158512444251623

329 timneilson the Ruffian (level 6, -1/41 HPs)
             Began as an Octopode Shapeshifter on Feb 14, 2024.
             Slain by an orc wizard
             ... wielding a +2 dagger of venom
              (4 damage)
             ... on level 4 of the Dungeon.
             The game lasted 00:05:46 (2354 turns).

timneilson the Ruffian (Octopode Shapeshifter)      Turns: 2354, Time: 00:05:46

Health: -1/41      AC:  1    Str: 16    XL:     6   Next: 51%
Magic:  6/6        EV: 18    Int: 12    God:
Gold:   404        SH:  0    Dex: 11    Spells: 5/5 levels left

rFire   . .          .
                       - Unarmed
rCold   + . .        (no shield)
rNeg    . . .        (helmet currently unavailable)
rPois   .            (no amulet)
rElec   .            e - ring "Ecaluume" {rC+ EV+5}
rCorr   .            (no ring)
SInv    .            (no ring)
Will    .....        (no ring)
Stlth   ++           (no ring)
HPRegen 0.26/turn    (no ring)
MPRegen 0.10/turn    (no ring)
                     (no ring)

%: no passive effects
@: confused, lethally poisoned (-1 -> -7), beast-form, ambrosia-drunk
A: beast (slay +2), almost no armour, amphibious, 8 rings, camouflage 1,
gelatinous body 1, (nimble swimmer 1), tentacles
a: Begin Untransformation, Convert to Beogh


You were on level 4 of the Dungeon.
You were a hulking beast.
You visited 1 branch of the dungeon, and saw 4 of its levels.

You collected 404 gold pieces.

Inventory:

Missiles
 s - 2 poisoned darts (quivered)
Jewellery
 e - the ring "Ecaluume" (left tentacle) {rC+ EV+5}
   (You acquired it on level 2 of the Dungeon)

   [ring of evasion]

   EV+5:      It affects your evasion (+5).
   rC+:       It protects you from cold.
 q - a ring of fire
Talismans
 b - a beast talisman (active)
 c - a flux talisman
Wands
 h - a wand of quicksilver (6)
 k - a wand of paralysis (10)
 m - a wand of flame (16)
Scrolls
 o - a scroll of immolation {unknown}
 p - a scroll of enchant weapon {unknown}
 r - a scroll of identify
 t - a scroll of vulnerability {unknown}
 u - a scroll of teleportation {unknown}
Potions
 a - 2 potions of lignification
 d - a potion of enlightenment
 f - a potion of might
 i - a potion of magic {unknown}
 j - a potion of heal wounds {unknown}
 l - a potion of curing {unknown}
 n - 2 potions of attraction {unknown}


   Skills:
 * Level 2.9 Fighting
 * Level 3.3 Dodging
 + Level 2.9 Stealth
 * Level 4.1 Unarmed Combat
 + Level 1.3 Evocations
 * Level 4.0 Shapeshifting


You had 5 spell levels left.
You didn't know any spells.
Your spell library was empty.

Dungeon Overview and Level Annotations

Branches:
Dungeon (4/15)
 Temple: D:4-7

Altars:
Trog


Innate Abilities, Weirdness & Mutations

You are a hulking beast.
Your limbs bulge with bestial killing power. (Slay +2)
You cannot wear most types of armour.
You are amphibious.
You can wear up to eight rings at the same time.
Your skin changes colour to match your surroundings (Stealth+).
Your rubbery body absorbs attacks. (AC +1, EV +1)
((You are camouflaged when in or above water. (Stealth+)))
You have tentacles for arms and can constrict up to eight enemies at once.


Message History

You constrict the orc. The orc barely misses you.
You tentacle-slap the orc.
You kill the orc!
You barely miss the orc. You grab the orc. You constrict the orc.
The orc misses you.
You bludgeon the orc!
You kill the orc!
The orc priest begins to cast a cantrip, but forgets the words!
You miss something.
The orc priest calls down the wrath of Beogh upon you.
Beogh smites you!
You hear some strange, mumbled words.
A puff of flame appears from out of thin air!
The puff of flame hits you!
* * * LOW HITPOINT WARNING * * *
The orc priest shouts, "Beogh offers mercy even to people such as you.
Join us and be reborn!" (press Y on the ability menu to convert to Beogh)
You closely miss something. Something hits you.
* * * LOW HITPOINT WARNING * * *
You are poisoned.
The orc priest calls down the wrath of Beogh upon you.
You tentacle-slap something. You squeeze something!
* * * LOW HITPOINT WARNING * * *
You feel sick.
The orc priest threatens, "Beogh's wrath is as vast as their mercy.
Make your choice!"
The orc priest shouts, "Beogh offers mercy even to people such as you.
Join us and be reborn!"
You tentacle-slap something but do no damage.
You feel sick. Something hits you.
* * * LOW HITPOINT WARNING * * *
You are more poisoned.
You miss something.
* * * LOW HITPOINT WARNING * * *
You feel sick. Something barely misses you.
Unknown command.
It was a potion of ambrosia.
You are confused.
You feel invigorated.
* * * LOW HITPOINT WARNING * * *
You feel sick. Something hits you.
You die... ........ .# ........ .. ........ .## .....[.. ..# ........ ##.. ........ ## #oo

........
...####{#
.......<
#....#h#
....##.. #...##
. ##. #.#..# ##
#..##.# # .# #
#.. #.#####...#
.... #..##..
..#### ....
##.##.# #....##
....
#.##.###.##..##
#....#........#


You could see an orc priest and an orc.

Vanquished Creatures
  A black bear (D:3)
  Ijyb (D:3)
  Natasha (D:4)
  An orc wizard (D:3)
  Robin (D:3)
  2 adders
  A shadow imp (D:3)
  A dart slug (D:1)
  A ribbon worm (D:2)
  6 orcs
  5 endoplasms (D:1)
  A giant cockroach (D:1)
  13 goblins
  3 hobgoblins
  4 jackals (D:1)
  7 kobolds
  A quokka (D:1)
  7 ball pythons
  6 bats
  3 frilled lizards (D:1)
  4 rats
70 creatures vanquished.

Vanquished Creatures (others)
  An arcanist (D:3)
1 creature vanquished.

Grand Total: 71 creatures vanquished

Notes
Turn   | Place    | Note
-------+----------+-------------------------------------------
     0 | D:1      | timneilson the Octopode Shapeshifter began the quest for
                  | the Orb.
     0 | D:1      | Reached XP level 1. HP: 13/13 MP: 1/1
   153 | D:1      | Reached XP level 2. HP: 15/18 MP: 2/2
   176 | D:1      | Found a faded altar of an unknown god.
   220 | D:1      | Reached skill level 1 in Stealth
   287 | D:1      | Reached XP level 3. HP: 23/23 MP: 3/3
   887 | D:2      | Reached XP level 4. HP: 29/29 MP: 4/4
  1273 | D:2      | Identified 2 scrolls of acquirement
  1273 | D:2      | Acquired 285 gold pieces
  1275 | D:2      | Acquired the ring "Ecaluume" {rC+ EV+5}
  1393 | D:3      | Noticed Ijyb
  1406 | D:3      | Killed Ijyb
  1480 | D:3      | Noticed a black bear
  1641 | D:2      | Reached XP level 5. HP: 30/34 MP: 5/5
  1731 | D:3      | Noticed Robin
  1737 | D:3      | Killed Robin
  1747 | D:3      | Reached skill level 1 in Evocations
  1976 | D:3      | Identified the +6 trident "Myzef" {heavy, rElec Dex+3 SInv
                  | Stlth-}
  1978 | D:3      | Found a bloodstained altar of Trog.
  2024 | D:3      | Killed a black bear
  2025 | D:3      | Reached XP level 6. HP: 41/41 MP: 6/6
  2188 | D:3      | Noticed a wizard
  2191 | D:3      | Killed a wizard
  2287 | D:4      | Noticed Natasha
  2294 | D:4      | Killed Natasha
  2353 | D:4      | HP: 2/41 [poisoned by an orc wizard]
  2354 | D:4      | Slain by an orc wizard

Illustrated notes

Levels and vault maps discovered:
D:1:      minmay_arrival_widening_spiral_wide, layout_loops_ring,
          shapermc_ecumenical_altar_pompeii, minmay_misc_feat_five
D:2:      layout_loops_ring, minmay_shallow_snake_nest
D:3:      layout_rooms, trog_wizard, serial_bayou, serial_bayou_ford_a,
          serial_bayou_shore_b, serial_bayou_shore_b, serial_bayou_shore_a,
          serial_bayou_pond_c, serial_bayou_shore_b, uniq_ijyb, uniq_robin
D:4:      layout_rooms, uniq_blork_the_orc, uniq_menkaure, uniq_natasha

Skill      XL: |  1  2  3  4  5  6 |
---------------+-------------------+-----
Stealth        | 1 2 |  2.9
Fighting       | 2 |  2.9
Evocations     | 1 |  1.3
Dodging        | 3 |  3.3
Unarmed Combat | 4 |  4.1
Shapeshifting  | 4 |  4.0

Action                     |  1- 3 |  4- 6 || total
---------------------------+-------+-------++-------
  Melee: Unarmed           |    57 |    76 ||   133
         Tentacles         |    12 |    17 ||    29
         Constrict         |    10 |    19 ||    29
         Punch             |     4 |       ||     4
  Throw: Dart              |       |     2 ||     2
  Evoke: Wand              |       |     4 ||     4
    Use: Scroll            |     1 |     4 ||     5
         Potion            |       |     1 ||     1
   Stab: Sleeping          |    11 |     3 ||    14
 Armour: Skin              |    20 |    29 ||    49
  Dodge: Dodged            |    21 |    31 ||    52

Table legend: (Time is in decaauts)
 A = Elapsed time spent in this place.
 B = Non-inter-level travel time spent in this place.
 C = Inter-level travel time spent in this place.
 D = Time resting spent in this place.
 E = Time spent auto-exploring this place.
 F = Levels seen in this place.
 G = Mean time per level.
                   A        B        C        D        E       F      G
               +--------+--------+--------+--------+--------+-----+--------+
         Total |   2346 |   2290 |     56 |    267 |   1448 |   4 |  586.5 |
       Dungeon |   2346 |   2290 |     56 |    267 |   1448 |   4 |  586.5 |
               +--------+--------+--------+--------+--------+-----+--------+

Top non-repeatable levels by time:
     D:3: 760 daAuts
     D:1: 758 daAuts
     D:2: 751 daAuts
     D:4: 76 daAuts
